| TOP OF THE 1ST |
|
University of Virginia Cavaliers batting - Pitching for University of Maine Black Bears : RHP Angus Brear
|
|
Pitching: RHP Angus Brear
|
|
|
Batting: RHB Rohit Gadhavi
|
0-0: Foul Ball, location: 2F 0-1: Ball 1-1: Fly out, F8 (Flyball, 8RD, EV 96.2 MPH)
|
|
Batting: LHB Jesse Westmoreland
|
0-0: Called Strike 0-1: Called Strike 0-2: Foul Ball, location: 2F 0-2: Ball 1-2: Ball 2-2: Foul Ball, location: 2F 2-2: SINGLE (Groundball, 3D, EV 105.0 MPH)
|
|
Batting: RHB Arnaud Derosiers
|
0-0: Called Strike 0-1: Ball 1-1: Ball 2-1: SINGLE (Groundball, 4MD, EV 106.2 MPH) Jesse Westmoreland to second Runner from 2nd tries for 3rd, SAFE, throw by CF made to third Arnaud Derosiers to second
|
|
Batting: RHB Leo Villa
|
0-0: Ball 1-0: Ball 2-0: Ball 3-0: Called Strike 3-1: Fly out, F9 (Flyball, 9LM, EV 90.6 MPH) Runner from 3rd tags up, SCORES, no throw by RF
|
|
Batting: RHB Adam Dudek
|
0-0: Foul Ball, location: 2F 0-1: DOUBLE (Flyball, 9LD, EV 113.1 MPH) Arnaud Derosiers scores
|
|
Batting: RHB Kevin Steed
|
0-0: Ball 1-0: Foul Ball, location: 2F 1-1: Foul Ball, location: 2F 1-2: Ball 2-2: Foul Ball, location: 2F 2-2: Ball 3-2: Foul Ball, location: 2F 3-2: SINGLE (Groundball, 56, EV 103.1 MPH) Adam Dudek to third Runner from 3rd tries for Home, throw by LF and OUT! 7-2
|
| Top of the 1st over - 2 runs, 4 hits, 0 errors, 1 left on base; University of Virginia 2 - University of Maine 0 |
| BOTTOM OF THE 1ST |
|
University of Maine Black Bears batting - Pitching for University of Virginia Cavaliers : RHP Yann Donizetti
|
|
Pitching: RHP Yann Donizetti
|
|
|
Batting: RHB Jeff McClellan
|
0-0: Ball 1-0: Ground out 2-3 (Groundball, 15S, EV 71.2 MPH)
|
|
Batting: RHB Konrad van Oosterhout
|
0-0: Foul Ball, location: 2F 0-1: Foul Ball, location: 2F 0-2: Foul Ball, location: 2F 0-2: Ball 1-2: Ball 2-2: Foul Ball, location: 2F 2-2: Ball 3-2: Fly out, F9 (Line Drive, 9, EV 104.4 MPH)
|
|
Batting: RHB Enrique Gomez
|
0-0: Fly out, F7 (Flyball, 7D, EV 91.2 MPH)
|
| Bottom of the 1st over - 0 runs, 0 hits, 0 errors, 0 left on base; University of Virginia 2 - University of Maine 0 |
| TOP OF THE 2ND |
|
University of Virginia Cavaliers batting - Pitching for University of Maine Black Bears : RHP Angus Brear
|
|
Batting: RHB Matt Peddle
|
0-0: Ball 1-0: Swinging Strike 1-1: Swinging Strike 1-2: Strikes out looking
|
|
Batting: RHB Matt Sobolewski
|
0-0: Called Strike 0-1: Called Strike 0-2: Ball 1-2: Strikes out looking
|
|
Batting: RHB Gabe Secundino
|
0-0: Ground out 6-3 (Groundball, 6, EV 84.4 MPH)
|
| Top of the 2nd over - 0 runs, 0 hits, 0 errors, 0 left on base; University of Virginia 2 - University of Maine 0 |
| BOTTOM OF THE 2ND |
|
University of Maine Black Bears batting - Pitching for University of Virginia Cavaliers : RHP Yann Donizetti
|
|
Batting: RHB Alvin Garcia
|
0-0: Foul Ball, location: 2F 0-1: Swinging Strike 0-2: Ball 1-2: Ball 2-2: Fly out, F7 (Line Drive, 7D, EV 108.8 MPH)
|
|
Batting: RHB Ruben Domingues
|
0-0: Ground out 4-3 (Groundball, 34, EV 80.6 MPH)
|
|
Batting: RHB Ivan Navar
|
0-0: Called Strike 0-1: Swinging Strike 0-2: Ground out 6-3 (Groundball, 6MS, EV 83.1 MPH)
|
| Bottom of the 2nd over - 0 runs, 0 hits, 0 errors, 0 left on base; University of Virginia 2 - University of Maine 0 |
| TOP OF THE 3RD |
|
University of Virginia Cavaliers batting - Pitching for University of Maine Black Bears : RHP Angus Brear
|
|
Batting: RHB Rohit Gadhavi
|
0-0: Called Strike 0-1: Foul Ball, location: 2F 0-2: Strikes out swinging
|
|
Batting: LHB Jesse Westmoreland
|
0-0: Called Strike 0-1: Ball 1-1: Ball 2-1: Called Strike 2-2: Foul Ball, location: 2F 2-2: Fly out, F9 (Line Drive, 9, EV 108.8 MPH)
|
|
Batting: RHB Arnaud Derosiers
|
0-0: Called Strike 0-1: Swinging Strike 0-2: Foul Ball, location: 2F 0-2: Fly out, F3 (Popup, 3SF, EV 76.2 MPH)
|
| Top of the 3rd over - 0 runs, 0 hits, 0 errors, 0 left on base; University of Virginia 2 - University of Maine 0 |
| BOTTOM OF THE 3RD |
|
University of Maine Black Bears batting - Pitching for University of Virginia Cavaliers : RHP Yann Donizetti
|
|
Batting: RHB Wataru Tani
|
0-0: Fly out, F9 (Flyball, 9, EV 88.1 MPH)
|
|
Batting: RHB Seung-kab Park
|
0-0: Ball 1-0: Ball 2-0: Ball 3-0: Base on Balls
|
|
Batting: SHB Bobby Love
|
0-0: Ball 1-0: Ball 2-0: Called Strike 2-1: Called Strike 2-2: Fielders Choice at 2nd, 6-4 (Groundball, 6M, EV 86.9 MPH)
|
|
Batting: RHB Jeff McClellan
|
0-0: Ball 1-0: DOUBLE (Groundball, 5L, EV 93.8 MPH) Bobby Love to third
|
|
Batting: RHB Konrad van Oosterhout
|
0-0: Called Strike 0-1: Ball 1-1: Hit by Pitch
|
|
Batting: RHB Enrique Gomez
|
0-0: Ball 1-0: Foul Ball, location: 2F 1-1: Foul Ball, location: 2F 1-2: Ball 2-2: Foul Ball, location: 2F 2-2: Fly out, F1 (Popup, 13, EV 78.1 MPH)
|
| Bottom of the 3rd over - 0 runs, 1 hit, 0 errors, 3 left on base; University of Virginia 2 - University of Maine 0 |
| TOP OF THE 4TH |
|
University of Virginia Cavaliers batting - Pitching for University of Maine Black Bears : RHP Angus Brear
|
|
Batting: RHB Leo Villa
|
0-0: Called Strike 0-1: SINGLE (Line Drive, 7S, EV 103.8 MPH)
|
|
Batting: RHB Adam Dudek
|
0-0: Foul Ball, location: 2F 0-1: Swinging Strike 0-2: Ball 1-2: Foul Ball, location: 2F 1-2: Foul Ball, location: 2F 1-2: Ball 2-2: Strikes out swinging
|
|
Batting: RHB Kevin Steed
|
0-0: Swinging Strike 0-1: Called Strike 0-2: Ball 1-2: Ball 2-2: Foul Ball, location: 2F 2-2: Foul Ball, location: 2F 2-2: Foul Ball, location: 2F 2-2: Fly out, F8 (Flyball, 89XD, EV 109.4 MPH)
|
|
Batting: RHB Matt Peddle
|
0-0: Ball 1-0: Called Strike 1-1: DOUBLE (Line Drive, 7LM, EV 88.8 MPH) Leo Villa to third Runner from 3rd tries for Home, SAFE, no throw by LF
|
|
Batting: RHB Matt Sobolewski
|
0-0: Ball 1-0: Ball 2-0: Called Strike 2-1: Swinging Strike 2-2: Fly out, F9 (Flyball, 9S, EV 86.9 MPH)
|
| Top of the 4th over - 1 run, 2 hits, 0 errors, 1 left on base; University of Virginia 3 - University of Maine 0 |
| BOTTOM OF THE 4TH |
|
University of Maine Black Bears batting - Pitching for University of Virginia Cavaliers : RHP Yann Donizetti
|
|
Batting: RHB Alvin Garcia
|
0-0: Ground out 5-3 (Groundball, 56S, EV 85.6 MPH)
|
|
Batting: RHB Ruben Domingues
|
0-0: Ball 1-0: SINGLE (Flyball, 3D, EV 97.5 MPH)
|
|
Batting: RHB Ivan Navar
|
0-0: Fielders Choice at 2nd, 5-4 (Groundball, 56S, EV 86.9 MPH)
|
|
Batting: RHB Wataru Tani
|
0-0: Ball 1-0: Fly out, F8 (Flyball, 8LD, EV 83.1 MPH)
|
| Bottom of the 4th over - 0 runs, 1 hit, 0 errors, 1 left on base; University of Virginia 3 - University of Maine 0 |
| TOP OF THE 5TH |
|
University of Virginia Cavaliers batting - Pitching for University of Maine Black Bears : RHP Angus Brear
|
|
Pitching: RHP Mark Frizzell
|
|
|
Batting: RHB Gabe Secundino
|
0-0: Ground out U3 (Groundball, 34S, EV 90.6 MPH)
|
|
Batting: RHB Rohit Gadhavi
|
0-0: Ground out 6-3 (Groundball, 6, EV 85.0 MPH)
|
|
Batting: LHB Jesse Westmoreland
|
0-0: Ball 1-0: Ball 2-0: Ball 3-0: Base on Balls
|
|
Batting: RHB Arnaud Derosiers
|
0-0: Called Strike 0-1: Ball 1-1: SINGLE (Line Drive, 6M, EV 102.5 MPH) Jesse Westmoreland to second
|
|
Batting: RHB Leo Villa
|
0-0: Called Strike 0-1: Swinging Strike 0-2: Strikes out swinging
|
| Top of the 5th over - 0 runs, 1 hit, 0 errors, 2 left on base; University of Virginia 3 - University of Maine 0 |
| BOTTOM OF THE 5TH |
|
University of Maine Black Bears batting - Pitching for University of Virginia Cavaliers : RHP Yann Donizetti
|
|
Batting: RHB Seung-kab Park
|
0-0: Foul Ball, location: 2F 0-1: Foul Ball, location: 2F 0-2: Strikes out swinging
|
|
Batting: SHB Bobby Love
|
0-0: SINGLE (Groundball, 4MD, EV 98.1 MPH)
|
|
Batting: RHB Jeff McClellan
|
0-0: Called Strike 0-1: Ball 1-1: Ball 2-1: Ball 3-1: Fly out, F8 (Flyball, 8RM, EV 76.2 MPH)
|
|
Batting: RHB Konrad van Oosterhout
|
0-0: Ball Bobby Love steals 2nd base 1-0: Ball 2-0: Foul Ball, location: 2F 2-1: Ball 3-1: Ground out 4-3 (Groundball, 4, EV 101.2 MPH)
|
| Bottom of the 5th over - 0 runs, 1 hit, 0 errors, 1 left on base; University of Virginia 3 - University of Maine 0 |
| TOP OF THE 6TH |
|
University of Virginia Cavaliers batting - Pitching for University of Maine Black Bears : RHP Mark Frizzell
|
|
Batting: RHB Adam Dudek
|
0-0: Called Strike 0-1: Foul Ball, location: 2F 0-2: Ball 1-2: Ball 2-2: Foul Ball, location: 2F 2-2: Foul Ball, location: 2F 2-2: Strikes out swinging
|
|
Batting: RHB Kevin Steed
|
0-0: Ball 1-0: Called Strike 1-1: Ball 2-1: Foul Ball, location: 2F 2-2: Foul Ball, location: 2F 2-2: Ball 3-2: Base on Balls
|
|
Batting: RHB Matt Peddle
|
0-0: Called Strike 0-1: Foul Ball, location: 2F 0-2: Ball 1-2: SINGLE (Groundball, 56D, EV 98.1 MPH) Kevin Steed to second
|
|
Batting: RHB Matt Sobolewski
|
0-0: Ball 1-0: Ball 2-0: DOUBLE (Line Drive, 9LS, EV 115.0 MPH) Kevin Steed scores Matt Peddle to third Runner from 3rd tries for Home, SAFE, throw by RF to home
|
|
Batting: RHB Gabe Secundino
|
0-0: Ball 1-0: Swinging Strike 1-1: Foul Ball, location: 2F 1-2: Ball 2-2: Ground out U3 (Groundball, 34S, EV 88.8 MPH) Matt Sobolewski to third
|
|
Pitching: RHP Efren Ybanez
|
|
|
Batting: RHB Rohit Gadhavi
|
0-0: Called Strike 0-1: Ball 1-1: Ground out 5-3 (Groundball, 5, EV 86.9 MPH)
|
| Top of the 6th over - 2 runs, 2 hits, 0 errors, 1 left on base; University of Virginia 5 - University of Maine 0 |
| BOTTOM OF THE 6TH |
|
University of Maine Black Bears batting - Pitching for University of Virginia Cavaliers : RHP Yann Donizetti
|
|
Batting: RHB Enrique Gomez
|
0-0: Called Strike 0-1: Swinging Strike 0-2: Strikes out swinging
|
|
Batting: RHB Alvin Garcia
|
0-0: Called Strike 0-1: Foul Ball, location: 2F 0-2: Foul Ball, location: 2F 0-2: Ball 1-2: Ground out 6-3 (Groundball, 6, EV 100.6 MPH)
|
|
Batting: RHB Ruben Domingues
|
0-0: Ball 1-0: Ball 2-0: Called Strike 2-1: Fly out, F2 (Popup, 23F, EV 80.6 MPH)
|
| Bottom of the 6th over - 0 runs, 0 hits, 0 errors, 0 left on base; University of Virginia 5 - University of Maine 0 |
| TOP OF THE 7TH |
|
University of Virginia Cavaliers batting - Pitching for University of Maine Black Bears : RHP Efren Ybanez
|
|
Batting: LHB Jesse Westmoreland
|
0-0: Foul Ball, location: 2F 0-1: Fly out, F7 (Flyball, 78D, EV 96.2 MPH)
|
|
Batting: RHB Arnaud Derosiers
|
0-0: Ball 1-0: Ground out 5-3 (Groundball, 5, EV 78.1 MPH)
|
|
Batting: RHB Leo Villa
|
0-0: Called Strike 0-1: Foul Ball, location: 2F 0-2: Strikes out swinging
|
| Top of the 7th over - 0 runs, 0 hits, 0 errors, 0 left on base; University of Virginia 5 - University of Maine 0 |
| BOTTOM OF THE 7TH |
|
University of Maine Black Bears batting - Pitching for University of Virginia Cavaliers : RHP Yann Donizetti
|
|
Batting: RHB Ivan Navar
|
0-0: Fly out, F5 (Line Drive, 5, EV 67.5 MPH)
|
|
Batting: RHB Wataru Tani
|
0-0: Called Strike 0-1: Ground out 3-1 (Groundball, 34S, EV 78.8 MPH)
|
|
Batting: RHB Seung-kab Park
|
0-0: Called Strike 0-1: Called Strike 0-2: Ball 1-2: Ball 2-2: Ground out 1-3 (Groundball, 15S, EV 73.1 MPH)
|
| Bottom of the 7th over - 0 runs, 0 hits, 0 errors, 0 left on base; University of Virginia 5 - University of Maine 0 |
| TOP OF THE 8TH |
|
University of Virginia Cavaliers batting - Pitching for University of Maine Black Bears : RHP Efren Ybanez
|
|
Batting: RHB Adam Dudek
|
0-0: Ball 1-0: Called Strike 1-1: Ball 2-1: Foul Ball, location: 2F 2-2: Ball 3-2: Base on Balls
|
|
Batting: RHB Kevin Steed
|
0-0: Ball 1-0: SINGLE (Flyball, 7S, EV 86.9 MPH) Adam Dudek to second
|
|
Batting: RHB Matt Peddle
|
0-0: Ball 1-0: Reached on error, E3 (Flyball, 3D, EV 75.0 MPH) Adam Dudek to third Kevin Steed to second
|
|
Batting: RHB Matt Sobolewski
|
0-0: Ball 1-0: Foul Ball, location: 2F 1-1: Fly out, F8 (Flyball, 89D, EV 98.1 MPH) Runner from 3rd tags up, SCORES, throw by CF Kevin Steed to third
|
|
Now in LF: Ignacio Zapata
|
|
|
Now in CF: Ruben Domingues
|
|
|
Batting: RHB Gabe Secundino
|
0-0: Called Strike 0-1: Fly out, F9 (Flyball, 89S, EV 85.0 MPH)
|
|
Batting: RHB Rohit Gadhavi
|
0-0: Fielders Choice at 2nd, U4 (Groundball, 4M, EV 108.1 MPH)
|
| Top of the 8th over - 1 run, 1 hit, 1 error, 2 left on base; University of Virginia 6 - University of Maine 0 |
| BOTTOM OF THE 8TH |
|
University of Maine Black Bears batting - Pitching for University of Virginia Cavaliers : RHP Yann Donizetti
|
|
Pitching: RHP Tim Mumpower
|
|
|
Batting: SHB Bobby Love
|
0-0: SINGLE (Groundball, 56D, EV 108.1 MPH)
|
|
Batting: RHB Jeff McClellan
|
0-0: Grounds into double play, 6-4-3 (Groundball, 6, EV 90.0 MPH)
|
|
Batting: RHB Konrad van Oosterhout
|
0-0: Foul Ball, location: 2F 0-1: Ball 1-1: Foul Ball, location: 2F 1-2: Ball 2-2: Ball 3-2: Base on Balls
|
|
Pinch Hitting: RHB Juan Bonilla
|
0-0: Ball 1-0: Called Strike 1-1: Foul Ball, location: 2F 1-2: Ball 2-2: Fielders Choice at 2nd, 6-4 (Groundball, 6, EV 102.5 MPH)
|
| Bottom of the 8th over - 0 runs, 1 hit, 0 errors, 1 left on base; University of Virginia 6 - University of Maine 0 |
| TOP OF THE 9TH |
|
University of Virginia Cavaliers batting - Pitching for University of Maine Black Bears : RHP Efren Ybanez
|
|
Now in LF: Jeremy Nuzzo
|
|
|
Batting: LHB Jesse Westmoreland
|
0-0: SINGLE (Line Drive, 3D, EV 96.2 MPH)
|
|
Pitching: RHP Jordan Martinez
|
|
|
Batting: RHB Arnaud Derosiers
|
0-0: Foul Ball, location: 2F 0-1: Foul Ball, location: 2F 0-2: Ball 1-2: Strikes out swinging
|
|
Pinch Hitting: LHB William Gonzales
|
0-0: Ball 1-0: Fielders Choice at 2nd, 4-6 (Groundball, 4, EV 95.0 MPH)
|
|
Batting: RHB Adam Dudek
|
0-0: Ball 1-0: Ball 2-0: Called Strike 2-1: Fly out, F7 (Flyball, 7LM, EV 84.4 MPH)
|
| Top of the 9th over - 0 runs, 1 hit, 0 errors, 1 left on base; University of Virginia 6 - University of Maine 0 |
| BOTTOM OF THE 9TH |
|
University of Maine Black Bears batting - Pitching for University of Virginia Cavaliers : RHP Tim Mumpower
|
|
Now in RF: Ricky Aguilar
|
|
|
Pinch Hitting: RHB Drew Coleman
|
0-0: Ball 1-0: Called Strike 1-1: Ball 2-1: Ball 3-1: Ground out 5-3 (Groundball, 56S, EV 62.5 MPH)
|
|
Pinch Hitting: RHB Yoshitoshi Mori
|
0-0: Called Strike 0-1: Ball 1-1: Ball 2-1: Foul Ball, location: 2F 2-2: Ball 3-2: SINGLE (Groundball, P, EV 83.8 MPH) (infield hit)
|
|
Batting: RHB Ivan Navar
|
0-0: Called Strike 0-1: Ball 1-1: Ball 2-1: Foul Ball, location: 2F 2-2: Ball 3-2: Base on Balls Yoshitoshi Mori to second
|
|
Batting: RHB Wataru Tani
|
0-0: Fielders Choice at 2nd, 5-4 (Groundball, 5S, EV 88.1 MPH) Yoshitoshi Mori to third
|
|
Pinch Hitting: RHB Clark Meagher
|
0-0: Called Strike 0-1: Foul Ball, location: 2F 0-2: SINGLE (Groundball, 6MD, EV 107.5 MPH) Yoshitoshi Mori scores Wataru Tani to second
|
|
Pitching: RHP Gu Won
|
|
|
Pinch Hitting: RHB Taizo Hotta
|
0-0: Foul Ball, location: 2F 0-1: Ball 1-1: Ball 2-1: Ball 3-1: Called Strike 3-2: Foul Ball, location: 2F 3-2: SINGLE (Groundball, 3D, EV 106.2 MPH) Wataru Tani to third Clark Meagher to second Wataru Tani scores Clark Meagher to third
|
|
Batting: RHB Jeff McClellan
|
0-0: SINGLE (Groundball, 6S, EV 62.5 MPH) (infield hit) Clark Meagher scores Taizo Hotta to second
|
|
Batting: RHB Konrad van Oosterhout
|
0-0: Ball 1-0: Ground out 4-3 (Groundball, 4, EV 80.6 MPH)
|
| Bottom of the 9th over - 3 runs, 4 hits, 0 errors, 2 left on base; University of Virginia 6 - University of Maine 3 |
|